 Dungeon Crawl Stone Soup version 0.24-a0-309-g1095bca (webtiles) character file.

Game seed: 576211673408379215

1284 MisterFreud the Slasher (level 8, 0/56 HPs)
             Began as an Octopode Fighter on May 14, 2019.
             Was a Follower of Cheibriados.
             Slain by a sky beast (6 damage)
             ... on level 5 of the Dungeon.
             The game lasted 00:11:06 (5073 turns).

MisterFreud the Slasher (Octopode Fighter)          Turns: 5073, Time: 00:11:07

Health: 0/56       AC:  1    Str: 17    XL:     8   Next: 55%
Magic:  8/8        EV: 18    Int: 20    God:    Cheibriados [*.....]
Gold:   267        SH: 10    Dex: 14    Spells: 7/7 levels left

rFire    . . .     SeeInvis .   a - +1 long sword
rCold    . . .     Gourm    .   b - +1 shield
rNeg     + . .     Faith    .   (helmet restricted)
rPois    .         Spirit   .   (no amulet)
rElec    .         Reflect  .   m - +4 ring of evasion
rCorr    .         Harm     .   p - +6 ring of intelligence
MR       .....                  D - ring of positive energy
Stlth    ++........             (no ring)
HPRegen  0.18/turn              (no ring)
MPRegen  0.11/turn              (no ring)
                                (no ring)
                                (no ring)

@: about to teleport, very slow
A: almost no armour, stealthy swim, amphibious, 8 rings, constrict 8, camouflage
1, gelatinous body 1
a: Bend Time, Renounce Religion


You were on level 5 of the Dungeon.
You worshipped Cheibriados.
Cheibriados was aware of your devotion.
You were not hungry.

You visited 1 branch of the dungeon, and saw 5 of its levels.
You also visited: Sewer.

You collected 267 gold pieces.

Inventory:

Hand Weapons
 a - a +1 long sword (weapon)
Missiles
 g - 27 sling bullets
 n - 186 stones (quivered)
 q - 42 bolts
 t - 88 arrows
 v - 14 poisoned darts
 y - 4 curare-tipped darts
Armour
 b - a +1 shield (worn)
 A - a +2 large shield
Jewellery
 m - a +4 ring of evasion (left tentacle)
 p - a +6 ring of intelligence (right tentacle)
 D - a ring of positive energy (on tentacle)
Wands
 r - a wand of acid (8)
Scrolls
 e - 4 scrolls of teleportation
 k - a scroll of remove curse
 o - 2 scrolls of fear
 C - 2 scrolls of enchant armour
Potions
 c - 2 potions of might
 h - 2 potions of curing
 i - 2 potions of mutation
 j - a potion of brilliance {unknown}
 l - a potion of lignification
 s - a potion of ambrosia {unknown}
 u - 3 potions of flight
 w - 2 potions of heal wounds {unknown}
 x - a potion of agility {unknown}
 z - a potion of berserk rage {unknown}
 B - a potion of haste {unknown}
Comestibles
 d - 9 rations
 f - 13 chunks of flesh


   Skills:
 + Level 5.4 Fighting
 + Level 7.5 Long Blades
 - Level 6.0 Dodging
 - Level 3.0 Shields


You had 7 spell levels left.
You didn't know any spells.
Your spell library was empty.

Dungeon Overview and Level Annotations

Branches:
Dungeon (5/15)
 Temple: D:4-7

Altars:
Cheibriados
Dithmenos
Fedhas
Hepliaklqana
Nemelex Xobeh
Qazlal
Ru
Sif Muna
Uskayaw
Xom


Innate Abilities, Weirdness & Mutations

You cannot wear most types of armour.
You are very stealthy in the water. (Stealth+)
You are amphibious.
You can wear up to eight rings at the same time.
You can use your tentacles to constrict eight enemies at once.
Your skin changes colour to match your surroundings (Stealth+).
Your rubbery body absorbs attacks. (AC +1, EV +1)


Message History

A sky beast appears from thin air!
Reactivating autopickup.
You block the sky beast's attack.
The sky beast flickers out of sight!
Deactivating autopickup; reactivate with Ctrl-A.
You see here a leather armour.
Something closely misses you. Something hits you. Something shocks you.
Something hits you. Something shocks you. Something hits you.
Something shocks you.
You miss something. Something hits you.
* * * LOW HITPOINT WARNING * * *
Something shocks you.
* * * LOW HITPOINT WARNING * * *
As you read the scroll of teleportation, it crumbles to dust.
You feel strangely unstable. You block something's attack. Something hits you.
* * * LOW HITPOINT WARNING * * *
Something shocks you.
You die...

###..###....## ##..# #...##
#.....# #)..# ...## #.....###
##...# ...# #.......###...##
.."## ##.......[....# ##..#
#...#####...## #..## ##)).#
###### ##
#...###..).########.##### #####.
##..###.........@........###.....
#.### #..........................
.## #.....########...##########
## #....## ##### # #...## ##..##
#....#### #### #
#.......#######..##########
#####..........................


There were no monsters in sight!

Vanquished Creatures
  A sky beast (D:5)
  2 phantoms
  2 centaurs
  2 big kobolds (Sewer)
  2 scorpions
  A crimson imp (D:5)
  4 orc priests (D:4)
  A bullfrog skeleton (D:4)
  2 iguanas (D:4)
  5 orc wizards
  3 worker ants
  6 adders
  A river rat (D:3)
  3 oozes
  An adder skeleton (D:4)
  6 worms
  A dart slug (D:3)
  3 leopard geckos
  12 orcs
  8 giant cockroaches
  2 goblins
  5 hobgoblins
  16 kobolds
  3 quokkas
  3 ball pythons (Sewer)
  A ball python zombie (D:5)
  5 bats
  3 frilled lizards
  A jackal skeleton (D:4)
  7 rats
112 creatures vanquished.

Notes
Turn   | Place    | Note
-------+----------+-------------------------------------------
     0 | D:1      | MisterFreud the Octopode Fighter began the quest for the
                  | Orb.
     0 | D:1      | Reached XP level 1. HP: 16/16 MP: 1/1
   347 | D:1      | Reached XP level 2. HP: 21/21 MP: 2/2
   408 | D:2      | Reached skill level 3 in Long Blades
   482 | D:2      | Reached XP level 3. HP: 22/26 MP: 3/3
  1003 | D:2      | Found a hazy altar of Hepliaklqana.
  1005 | D:2      | Found a sacrificial altar of Ru.
  1005 | D:2      | Found a stormy altar of Qazlal.
  1007 | D:2      | Found a shadowy altar of Dithmenos.
  1007 | D:2      | Found a shimmering altar of Xom.
  1007 | D:2      | Found a hide-covered altar of Uskayaw.
  1330 | D:3      | Found a glowing drain.
  1344 | Sewer    | Entered a sewer
  1358 | Sewer    | Reached skill level 4 in Long Blades
  1415 | Sewer    | Reached XP level 4. HP: 30/31 MP: 4/4
  1531 | Sewer    | Noticed a big kobold
  1531 | Sewer    | Noticed a big kobold
  1552 | Sewer    | Killed a big kobold
  1552 | Sewer    | Reached skill level 5 in Long Blades
  1552 | Sewer    | Reached XP level 5. HP: 32/36 MP: 5/5
  1558 | Sewer    | Killed a big kobold
  1629 | Sewer    | Reached skill level 6 in Long Blades
  1649 | D:3      | Reached XP level 6. HP: 42/42 MP: 6/6
  1969 | D:4      | Found a sparkling altar of Nemelex Xobeh.
  2561 | D:4      | Reached skill level 5 in Dodging
  2561 | D:4      | Reached XP level 7. HP: 17/46 MP: 7/7
  3002 | D:4      | Found a blossoming altar of Fedhas.
  3026 | D:4      | Found a deep blue altar of Sif Muna.
  3026 | D:4      | Found a stormy altar of Qazlal.
  3027 | D:4      | Found a snail-covered altar of Cheibriados.
  3027 | D:4      | Found a hide-covered altar of Uskayaw.
  3028 | D:4      | Found a blossoming altar of Fedhas.
  3029 | D:4      | Found a hazy altar of Hepliaklqana.
  3034 | D:4      | Became a worshipper of Cheibriados the Contemplative
  3187 | D:3      | Found a sparkling altar of Nemelex Xobeh.
  3910 | D:4      | HP: 2/46 [phantom (8)]
  4288 | D:5      | Entered Level 5 of the Dungeon
  4342 | D:5      | Reached XP level 8. HP: 49/54 MP: 8/8
  4403 | D:5      | Reached skill level 7 in Long Blades
  4784 | D:5      | Reached skill level 5 in Fighting
  4865 | D:5      | Reached * piety under Cheibriados
  5073 | D:5      | Slain by a sky beast

Levels and vault maps discovered:
D:1:      lightli_arrival_noodles, layout_basic
D:2:      layout_basic, minmay_tree_intersection, doesnt_xom_only_xom
D:3:      layout_basic, portal_sewer_entry_a, nemelex_lonely_heart_becter
D:4:      kb_forest_paths, layout_basic, lemuel_crystal_altar,
          grunt_temple_overflow_open, roderic_malta_cross,
          fedhas_bush_and_centaur_altar
D:5:      layout_layer_cave, first_ration, uniq_blork_the_orc

Skill      XL: |  1  2  3  4  5  6  7  8 |
---------------+-------------------------+-----
Long Blades    | 3 4 5 6 7 |  7.5
Dodging        | 5 6 |  6.0
Fighting       | 4 5 |  5.4
Shields        | |  3.0

Action                   |  1- 3 |  4- 6 |  7- 9 || total
-------------------------+-------+-------+-------++-------
Melee: Long sword        |    44 |    86 |   136 ||   266
       Constrict         |    13 |    23 |    27 ||    63
       Tentacles         |     7 |    18 |    33 ||    58
  Use: Scroll            |     8 |     4 |     5 ||    17
       Potion            |       |       |     5 ||     5
 Stab: Sleeping          |     6 |     4 |     1 ||    11
  Eat: Chunk             |     1 |     4 |     9 ||    14
Armor: Skin              |     1 |     1 |     4 ||     6
Dodge: Dodged            |    20 |    39 |    75 ||   134
Block: Shield            |    19 |    43 |    50 ||   112
       Rpst.: Long sword |     5 |     9 |    26 ||    40

Table legend:
 A = Non-vault XP
 B = Vault XP
 C = Vault XP percentage of total XP
 D = Non-vault monster count
 E = Vault monster count
 F = Vault count percentage of total count
                 A         B        C        D         E       F
            +---------+---------+-------+---------+---------+-------
      Total |    1413 |     422 |  23.0 |      81 |      31 |  27.7
            +---------+---------+-------+---------+---------+-------
        D:1 |      11 |       0 |   0.0 |       7 |       0 |   0.0
        D:2 |      41 |       0 |   0.0 |      14 |       0 |   0.0
        D:3 |      58 |      27 |  31.8 |      13 |       2 |  13.3
        D:4 |     596 |     153 |  20.4 |      25 |       5 |  16.7
        D:5 |     707 |       0 |   0.0 |      22 |       0 |   0.0
      Sewer |       0 |     242 | 100.0 |       0 |      24 | 100.0
            +---------+---------+-------+---------+---------+-------
